[Event "Titled Tuesday Blitz February 07 Early 2023"]
[White "Wagh Suyog"]
[Black "Paravyan, David"]
[WhiteFideId "25071688"]
[BlackFideId "4194985"]
[WhiteElo "2313"]
[BlackElo "2601"]
[Result "1-0"]
[Round "04"]
[TimeControl "180+2"]
[Date "2023.02.07"]
[WhiteClock "0:00:07"]
[BlackClock "0:00:03"]

1. d4 Nf6 2. c4 g6 3. g3 c6 4. Bg2 d5 5. cxd5 cxd5 6. Nf3 Bg7 7. Nc3 Ne4 8. O-O O-O 9. Ng5 f5 10. Qb3 e6 11. Nf3 Nc6 12. Rd1 b6 13. Bf4 Bb7 14. h4 Qe7 15. Ne5 Nxe5 16. Bxe5 Bxe5 17. dxe5 Rac8 18. Rac1 Rc5 19. Qa3 Re8 20. Nxe4 fxe4 21. Qxa7 Qc7 22. Rxc5 bxc5 23. Rc1 c4 24. Qd4 Qa5 25. b3 Ba6 26. bxc4 Bxc4 27. Bxe4 Bxe2 28. Bb1 Bc4 29. h5 gxh5 30. Qf4 Qd8 31. Qh6 Qe7 32. Qxh5 Rf8 33. Rd1 Qf7 34. Qg5+ Kh8 35. Qe3 Qh5 36. Re1 Rf3 37. Qd4 Qh3 38. Qd2 h6 39. Bc2 Kg7 40. Bd1 Rf5 41. Qd4 Rg5 42. Qf4 Rf5 43. Qe3 Rg5 44. a4 h5 45. Qxg5+ Kf8 46. Qxh5 1-0


[Site "https://www.chess.com"]

[Event "Titled Tuesday Blitz February 07 Early 2023"]
[White "Sychev, Klementy"]
[Black "Rozman, Levy"]
[WhiteFideId "4114060"]
[BlackFideId "2039877"]
[WhiteElo "2547"]
[BlackElo "2322"]
[Result "1-0"]
[Round "04"]
[TimeControl "180+2"]
[Date "2023.02.07"]
[WhiteClock "0:02:40"]
[BlackClock "0:02:53"]

1. e4 e6 2. d4 d5 3. Nc3 dxe4 4. Nxe4 Nf6 5. Nxf6+ gxf6 6. Nf3 Nc6 7. Be3 b6 8. g3 Bb7 9. Bg2 Qd7 10. O-O O-O-O 11. c4 h5 12. Nh4 Nxd4 13. Bxb7+ Kxb7 14. Bxd4 Qxd4 15. Qf3+ 1-0


[Site "https://www.chess.com"]

[Event "Titled Tuesday Blitz February 07 Early 2023"]
[White "Urazayev, Arystanbek"]
[Black "Darini, Pouria"]
[WhiteFideId "13709810"]
[BlackFideId "12502200"]
[WhiteElo "2460"]
[BlackElo "2401"]
[Result "1-0"]
[Round "04"]
[TimeControl "180+2"]
[Date "2023.02.07"]
[WhiteClock "0:00:16"]
[BlackClock "0:00:02"]

1. e4 e5 2. Nf3 Nc6 3. Nc3 Bb4 4. Nd5 Bd6 5. Bc4 Nf6 6. d3 Nxd5 7. Bxd5 Ne7 8. Bb3 h6 9. O-O Ng6 10. d4 O-O 11. dxe5 Nxe5 12. Nxe5 Bxe5 13. f4 Bd6 14. Be3 Qe7 15. Qd4 b6 16. Rae1 Bb7 17. e5 Bc5 18. Qd2 Rfe8 19. c3 Be4 20. Bxc5 Qxc5+ 21. Qd4 d5 22. Qxc5 bxc5 23. c4 c6 24. Rc1 d4 25. Rfe1 Bf5 26. Ba4 Rec8 27. Rcd1 Rab8 28. b3 Rb4 29. Rd2 Rxa4 30. bxa4 Rb8 31. h3 Rb4 32. g4 Be6 33. f5 Bxc4 34. e6 Kf8 35. Rc2 fxe6 36. fxe6 Ke7 37. Re5 Bd5 38. Rxc5 d3 39. Rc1 Rxa4 40. Rd1 Rd4 41. Re3 Bc4 42. Kf2 c5 43. Ke1 Bb5 44. Kd2 c4 45. Kc3 Rd6 46. a4 Bxa4 47. Ra1 Bb3 48. Rxa7+ Ke8 49. e7 Ra6 50. Rxa6 1-0


[Site "https://www.chess.com"]

[Event "Titled Tuesday Blitz February 07 Early 2023"]
[White "Koellner, Ruben Gideon"]
[Black "Samunenkov, Ihor"]
[WhiteFideId "12993093"]
[BlackFideId "14187086"]
[WhiteElo "2426"]
[BlackElo "2501"]
[Result "0-1"]
[Round "04"]
[TimeControl "180+2"]
[Date "2023.02.07"]
[WhiteClock "0:00:15"]
[BlackClock "0:00:58"]

1. d4 d5 2. Nf3 e6 3. e3 Nf6 4. Nbd2 c5 5. c3 Nbd7 6. Bd3 Bd6 7. O-O O-O 8. Qe2 e5 9. dxe5 Nxe5 10. Nxe5 Bxe5 11. e4 Re8 12. f4 dxe4 13. Nxe4 Bg4 14. Qc2 Bc7 15. h3 c4 16. Nxf6+ Qxf6 17. Bxh7+ Kh8 18. hxg4 Bb6+ 19. Be3 Bxe3+ 20. Rf2 g6 21. g3 Kxh7 22. Kg2 Bxf2 23. Qxf2 Qc6+ 0-1


[Site "https://www.chess.com"]

[Event "Titled Tuesday Blitz February 07 Early 2023"]
[White "Shuvalova, Polina"]
[Black "Gokerkan, Cem Kaan"]
[WhiteFideId "24171760"]
[BlackFideId "6336760"]
[WhiteElo "2484"]
[BlackElo "2500"]
[Result "0-1"]
[Round "04"]
[TimeControl "180+2"]
[Date "2023.02.07"]
[WhiteClock "0:00:02"]
[BlackClock "0:00:06"]

1. e4 c5 2. Nf3 g6 3. c3 Bg7 4. d4 cxd4 5. cxd4 d5 6. e5 Bg4 7. Be3 Nc6 8. Nbd2 e6 9. h3 Bxf3 10. Nxf3 Nge7 11. Bd3 O-O 12. O-O Qb6 13. Qe2 Nb4 14. Bb1 Rac8 15. a3 Nbc6 16. b4 Rfe8 17. Bd3 f6 18. b5 Na5 19. exf6 Bxf6 20. Ne5 Nf5 21. Nd7 Qd8 22. Nxf6+ Qxf6 23. Qg4 Nc4 24. a4 Qg7 25. Rae1 Nb2 26. Bb1 Nxa4 27. Bf4 Qxd4 28. Qg5 Nc3 29. Be5 Qh4 30. Qxh4 Nxh4 31. Bd3 Nf5 32. Rc1 Ne4 33. Bxe4 dxe4 34. Ra1 Rc5 35. Bf4 e5 36. Be3 Rxb5 37. Rxa7 h5 38. Re1 Kf7 39. Bg5 Nd6 40. Rd1 Ke6 41. g4 hxg4 42. hxg4 Rd5 43. Rb1 Rc8 44. Kg2 Rc2 45. Be3 Rc6 46. Rb6 Rxb6 47. Bxb6 Rb5 48. Be3 Nc4 49. Bg5 Rb2 50. Kg3 Rb3+ 51. Kg2 Kd5 52. Ra8 Rb2 53. Rd8+ Kc5 54. Kg3 Rb3+ 55. Kg2 b5 56. Rc8+ Kd4 57. Rd8+ Kc3 58. Rg8 Rb2 59. Kg3 b4 60. Rxg6 b3 61. Rc6 Rb1 62. Bf6 Kd4 63. g5 b2 64. Kg2 Rc1 65. g6 b1=Q 66. g7 Rg1+ 67. Kh2 Qf1 68. Rxc4+ Kxc4 69. g8=Q+ Rxg8 0-1


[Site "https://www.chess.com"]

[Event "Titled Tuesday Blitz February 07 Early 2023"]
[White "Zhigalko, Sergei"]
[Black "Averjanov, Alexey"]
[WhiteFideId "13502956"]
[BlackFideId "14109867"]
[WhiteElo "2572"]
[BlackElo "2399"]
[Result "1/2-1/2"]
[Round "04"]
[TimeControl "180+2"]
[Date "2023.02.07"]
[WhiteClock "0:00:06"]
[BlackClock "0:00:07"]

1. e4 c6 2. d4 d5 3. e5 Bf5 4. Nf3 e6 5. Be2 Nd7 6. O-O h6 7. Nbd2 Ne7 8. a4 a5 9. Nb3 Ng6 10. Ne1 h5 11. Bd3 Bxd3 12. Nxd3 c5 13. dxc5 Ngxe5 14. Nxe5 Nxe5 15. Re1 Nc6 16. Bf4 Be7 17. Qf3 Qd7 18. Rad1 O-O 19. Qxh5 Bf6 20. Bd6 Rfe8 21. c3 g6 22. Qg4 Kg7 23. h4 Rh8 24. g3 Rh5 25. c4 Nb4 26. cxd5 Nxd5 27. Nd4 b6 28. Nb5 bxc5 29. Bxc5 Bxb2 30. Bd4+ Bxd4 31. Qxd4+ Kg8 32. Rc1 Rc8 33. Red1 Rxc1 34. Rxc1 Rf5 35. Nd6 Rf6 36. Ne4 Rf5 37. Nd6 Rf6 38. Ne4 Rf5 39. Rb1 Qc7 40. Kg2 Nb4 41. Re1 Qc2 42. Qe3 Nd5 43. Qe2 Qxa4 44. Rc1 Qd7 45. Qb2 e5 46. Nc5 Qe7 47. Ne4 Kg7 48. Ng5 Nf6 49. Kg1 e4 50. Re1 Rd5 51. Qe2 Rd6 52. Qb2 Rd5 53. Rxe4 Qd6 54. Rf4 Rd1+ 55. Kh2 Rd5 56. Qa1 Rf5 57. Ne4 Qe7 58. Ng5 Rxf4 59. gxf4 Qe2 60. Kg3 Qd3+ 61. Kg2 Qe2 62. Qc3 Qg4+ 63. Qg3 Qxg3+ 64. fxg3 a4 65. Nf3 a3 66. Nd4 a2 67. Nb3 Nd5 68. Kf3 Kf6 69. g4 Ke6 70. Na1 Nb4 71. Ke3 f5 72. h5 fxg4 73. hxg6 Kf6 74. f5 Nd5+ 75. Ke4 Ne7 76. Kf4 Nxf5 77. Kxg4 Kxg6 78. Kf4 Kf6 79. Ke4 Ke6 80. Kd3 Nd6 81. Kc3 Kd5 82. Kb3 Nb5 83. Kxa2 1/2-1/2


[Site "https://www.chess.com"]

[Event "Titled Tuesday Blitz February 07 Early 2023"]
[White "Iskusnyh, Sergei"]
[Black "Yuan, Qingyu"]
[WhiteFideId "4120027"]
[BlackFideId "8609772"]
[WhiteElo "2440"]
[BlackElo "2373"]
[Result "0-1"]
[Round "04"]
[TimeControl "180+2"]
[Date "2023.02.07"]
[WhiteClock "0:00:01"]
[BlackClock "0:00:02"]

1. d4 d5 2. c4 e6 3. Nf3 Nf6 4. g3 Bb4+ 5. Bd2 Be7 6. Bg2 O-O 7. O-O Nbd7 8. Qc2 c6 9. a3 b6 10. cxd5 cxd5 11. Bb4 Ba6 12. Nc3 Bb7 13. Rfc1 a5 14. Bxe7 Qxe7 15. e3 Rfc8 16. Qb3 Ba6 17. Bf1 Bxf1 18. Kxf1 h6 19. Kg2 Rab8 20. Nb5 Ne4 21. Na7 Rxc1 22. Rxc1 Ra8 23. Nb5 Qd8 24. Qc2 Ndf6 25. Ne5 Ne8 26. Qc6 Rb8 27. Rc2 N4d6 28. Nxd6 Nxd6 29. Qc7 Rc8 30. Qxd8+ Rxd8 31. Rc6 b5 32. Rc5 Nc4 33. Rxb5 Nxe5 34. dxe5 Ra8 35. a4 g5 36. g4 Kg7 37. Kf1 Kg6 38. Ke2 h5 39. h3 hxg4 40. hxg4 f6 41. exf6 Kxf6 42. Kd3 Ke5 43. b3 Ra7 44. Rb6 Ra8 45. Rb7 Rf8 46. Ke2 Rh8 47. Ra7 Rb8 48. Rxa5 Rxb3 49. Ra8 Ra3 50. a5 Ke4 51. a6 Ra2+ 52. Kf1 e5 53. a7 Ra1+ 54. Kg2 Ra2 55. Kg3 Ra1 56. f3+ Kxe3 57. Re8 Rxa7 58. Rxe5+ Kd4 59. Rxg5 Kc4 60. Rg8 d4 61. Rc8+ Kb3 62. Rd8 Kc3 63. g5 d3 64. f4 d2 65. Kg4 Ra6 66. Kh5 Ra4 67. Rxd2 Kxd2 68. f5 Ke3 69. f6 Kf4 70. g6 Kf5 71. f7 Ra8 72. g7 Ra5 73. Kh4 Ra4+ 0-1


[Site "https://www.chess.com"]

[Event "Titled Tuesday Blitz February 07 Early 2023"]
[White "Ohanyan, Emin"]
[Black "Mathieu, Phileas"]
[WhiteFideId "13312022"]
[BlackFideId "36048410"]
[WhiteElo "2444"]
[BlackElo "2374"]
[Result "1-0"]
[Round "04"]
[TimeControl "180+2"]
[Date "2023.02.07"]
[WhiteClock "0:00:04"]
[BlackClock "0:00:06"]

1. e4 e5 2. Nc3 Nf6 3. Bc4 Nc6 4. d3 Bb4 5. Ne2 d5 6. exd5 Nxd5 7. O-O Be6 8. Ne4 f6 9. Bb3 O-O 10. f4 Qd7 11. f5 Bf7 12. N2g3 Nd4 13. c3 Nxb3 14. axb3 Be7 15. Qg4 Kh8 16. Rf3 Rg8 17. Bd2 g5 18. Nh5 Qe8 19. Rh3 a6 20. c4 Bxh5 21. Rxh5 Nf4 22. Rh6 Qf8 23. Bxf4 Qxh6 24. Be3 Rad8 25. Rd1 Rd7 26. Nf2 Rgd8 27. Qe4 c6 28. h3 Qf8 29. Kf1 Bc5 30. Qf3 Bxe3 31. Qxe3 Qb4 32. Ke2 Qxb3 33. Rd2 Kg7 34. h4 h6 35. Ne4 Qb4 36. Nc5 Rd4 37. Ne6+ Kf7 38. hxg5 hxg5 39. Qh3 Rh4 40. Nxd8+ Ke8 41. Nxc6 bxc6 42. Qf3 Qc5 43. Kd1 Rh1+ 44. Kc2 Kd7 45. g3 Qg1 46. Kb3 Qb6+ 47. Kc2 Qd4 48. Qxh1 Kc7 49. Qh7+ Kb6 50. Qh2 c5 51. Qf2 Qd6 52. Qf3 Qd7 53. Qd5 Qa4+ 54. Kb1 Qb4 55. Qd6+ Kb7 56. Qd7+ Kb8 57. Kc1 Qa5 58. Qd6+ Kb7 59. Qe7+ Kb8 60. Qf8+ Kb7 61. Qg7+ Kb8 62. Qh8+ Kb7 63. Kd1 Qa4+ 64. Ke2 Qc6 65. Qg7+ Kb6 66. Kd1 Qa4+ 67. Ke1 Qc6 68. Re2 Ka5 69. Re4 Kb4 70. Qg8 Kb3 71. Kd2 Qb6 72. Qd5 Qa5+ 73. Ke2 Kc2 74. Kf3 Kd1 75. Kg4 Qd2 76. Kh5 Qh2+ 77. Kg6 Qxg3 78. Kxf6 g4 79. Qxe5 Qf3 80. Re1+ Kd2 81. Qc3# 1-0


[Site "https://www.chess.com"]

[Event "Titled Tuesday Blitz February 07 Early 2023"]
[White "Kalogeris, Ioannis"]
[Black "Vasquez Schroeder, Rodrigo"]
[WhiteFideId "4239563"]
[BlackFideId "3400042"]
[WhiteElo "2423"]
[BlackElo "2524"]
[Result "0-1"]
[Round "04"]
[TimeControl "180+2"]
[Date "2023.02.07"]
[WhiteClock "0:00:03"]
[BlackClock "0:00:15"]

1. e4 c5 2. Nf3 d6 3. Nc3 a6 4. d4 cxd4 5. Nxd4 Nf6 6. g3 e6 7. Bg2 Bd7 8. O-O Nc6 9. Be3 Be7 10. a4 O-O 11. h3 Na5 12. Qe2 Qc7 13. Rad1 Rab8 14. f4 Rfc8 15. Qf2 Nc4 16. Bc1 b5 17. axb5 axb5 18. g4 b4 19. Nce2 g6 20. f5 e5 21. fxg6 fxg6 22. Nb3 Rf8 23. Qg3 Be6 24. Kh1 Kg7 25. Qd3 h5 26. g5 Nd7 27. Nd2 Nc5 28. Qg3 Qb6 29. Nxc4 Bxc4 30. Rxf8 Rxf8 31. Ng1 b3 32. cxb3 Bxb3 33. Re1 Bc2 34. Re2 Bd3 35. Re3 Bc4 36. Rc3 Be6 37. Kh2 Qb4 38. Qe3 Rf4 39. Ne2 Bxg5 40. Qg3 Bh4 41. Qe3 g5 42. Nxf4 gxf4 43. Qf3 Kg6 44. Qe2 Qd4 45. Bf3 Bg3+ 46. Kg2 Kg5 47. Bxh5 Nxe4 48. Rc7 Bd5 49. Rg7+ Kf6 50. Rg6+ Ke7 51. Bf3 Nf6 52. Rg7+ Kf8 53. Rc7 e4 54. Qa6 exf3+ 55. Kh1 Qd1+ 0-1


[Site "https://www.chess.com"]

[Event "Titled Tuesday Blitz February 07 Early 2023"]
[White "Lamaze, Simon"]
[Black "Gabrielian, Artur"]
[WhiteFideId "36069264"]
[BlackFideId "4131002"]
[WhiteElo "2363"]
[BlackElo "2452"]
[Result "0-1"]
[Round "04"]
[TimeControl "180+2"]
[Date "2023.02.07"]
[WhiteClock "0:00:18"]
[BlackClock "0:01:15"]

1. e4 c5 2. Nf3 d6 3. d4 cxd4 4. Nxd4 Nf6 5. Nc3 Nc6 6. Bg5 e6 7. Bb5 Bd7 8. Qd3 Be7 9. O-O-O h6 10. Bh4 a6 11. Bxc6 bxc6 12. Nb3 a5 13. a4 Rb8 14. Bxf6 gxf6 15. h4 Rg8 16. h5 Qb6 17. Rdf1 Rxg2 18. Rhg1 Rg5 19. Rxg5 fxg5 20. e5 d5 21. f4 g4 22. Qh7 c5 23. Qg8+ Bf8 24. f5 c4 25. Nb5 Bxb5 26. axb5 cxb3 27. Qxg4 Qe3+ 28. Kb1 bxc2+ 29. Kxc2 Qe4+ 30. Qxe4 dxe4 31. f6 Rxb5 32. Kc3 Rxe5 33. Kd4 Rxh5 34. Kxe4 Rf5 35. Rc1 Rxf6 36. Rc8+ Ke7 37. Rc7+ Kd6 38. Ra7 Rf5 39. Ra6+ Ke7 40. Ra7+ Kf6 41. Ra6 h5 42. Ke3 h4 43. Ke4 h3 44. Ra8 h2 45. Rxf8 0-1


[Site "https://www.chess.com"]

[Event "Titled Tuesday Blitz February 07 Early 2023"]
[White "Jakubowska, Anna"]
[Black "Talibov, Shiroghlan"]
[WhiteFideId "1121952"]
[BlackFideId "13429078"]
[WhiteElo "2139"]
[BlackElo "2359"]
[Result "0-1"]
[Round "04"]
[TimeControl "180+2"]
[Date "2023.02.07"]
[WhiteClock "0:00:07"]
[BlackClock "0:01:40"]

1. e4 c5 2. Nc3 g6 3. g3 Bg7 4. Bg2 Nc6 5. d3 e6 6. Be3 Nd4 7. Qd2 h5 8. h3 Ne7 9. Nd1 b6 10. c3 Ndc6 11. Ne2 d5 12. exd5 Nxd5 13. O-O Bb7 14. Bg5 Qd7 15. Ne3 Ne5 16. f4 Nxe3 17. Qxe3 Bxg2 18. Kxg2 Nxd3 19. Qf3 O-O 20. Rad1 c4 21. b3 b5 22. Nd4 Bxd4 23. cxd4 Qd5 24. bxc4 bxc4 25. Qxd5 exd5 26. f5 Rab8 27. Rd2 Rfe8 28. fxg6 fxg6 29. Rf6 Rb6 30. Rxb6 axb6 31. Kf3 b5 32. Bf4 b4 33. Re2 Rxe2 34. Kxe2 Nxf4+ 35. gxf4 Kf7 0-1


[Site "https://www.chess.com"]

[Event "Titled Tuesday Blitz February 07 Early 2023"]
[White "Fedoseev, Vladimir"]
[Black "Jimenez, Joaquin"]
[WhiteFideId "24130737"]
[BlackFideId "109860"]
[WhiteElo "2680"]
[BlackElo "2195"]
[Result "1-0"]
[Round "04"]
[TimeControl "180+2"]
[Date "2023.02.07"]
[WhiteClock "0:00:07"]
[BlackClock "0:00:01"]

1. Nf3 Nf6 2. c4 e6 3. Nc3 d5 4. e3 Be7 5. b3 O-O 6. Bb2 b6 7. cxd5 exd5 8. g4 c6 9. g5 Ne4 10. h4 Bg4 11. Be2 Nd7 12. Nd4 Bxe2 13. Qxe2 Ne5 14. O-O-O Bb4 15. Kb1 a5 16. f4 c5 17. Nxe4 cxd4 18. Ng3 Nc6 19. Nf5 a4 20. Qb5 Qc8 21. Nxd4 Nxd4 22. Bxd4 Bc5 23. Bxc5 bxc5 24. Rc1 axb3 25. axb3 Qf5+ 26. Kb2 c4 27. Rc3 cxb3 28. Rxb3 Qe4 29. Rc1 d4 30. Rc4 Qh1 31. Rxd4 Rfc8 32. Rc4 Qa1+ 33. Kc2 Ra2+ 34. Kd3 Qf1+ 35. Kd4 Rxd2+ 36. Kc3 Qc1+ 37. Kb4 Rxc4+ 38. Qxc4 Qxc4+ 39. Kxc4 Rd8 40. h5 h6 41. g6 fxg6 42. hxg6 Kf8 43. e4 Ke7 44. Rb7+ Kf6 45. Rb6+ Ke7 46. f5 Rg8 47. Kd5 h5 48. Ke5 h4 49. Rb7+ Kf8 50. Kf4 h3 51. Kg3 h2 52. Kxh2 Rh8+ 53. Kg3 Rh1 54. Kf4 Rc1 55. Ke5 Rc6 56. Kd5 1-0


[Site "https://www.chess.com"]

[Event "Titled Tuesday Blitz February 07 Early 2023"]
[White "Kollars, Dmitrij"]
[Black "Martynov, Pavel"]
[WhiteFideId "12909572"]
[BlackFideId "4101260"]
[WhiteElo "2607"]
[BlackElo "2414"]
[Result "1/2-1/2"]
[Round "04"]
[TimeControl "180+2"]
[Date "2023.02.07"]
[WhiteClock "0:00:02"]
[BlackClock "0:00:05"]

1. e4 c5 2. Nf3 e6 3. g3 Nc6 4. Bg2 Qc7 5. O-O a6 6. Nc3 d6 7. d4 cxd4 8. Nxd4 Bd7 9. a4 Be7 10. Nxc6 bxc6 11. Bf4 e5 12. Be3 h5 13. h3 Be6 14. a5 Nf6 15. Bg5 Nd7 16. Bxe7 Kxe7 17. Qd2 f6 18. Nd1 h4 19. g4 g5 20. Ne3 Rhd8 21. Rfd1 Nf8 22. Nf5+ Bxf5 23. exf5 d5 24. c4 d4 25. b4 d3 26. Ra3 Rab8 27. c5 Rd4 28. Rxd3 Rbxb4 29. Qa2 Qd7 30. Rxd4 Rxd4 31. Rxd4 Qxd4 32. Qg8 Qxc5 33. Qg7+ Ke8 34. Qxf6 Qc1+ 35. Bf1 Nd7 36. Qe6+ Kd8 37. f6 Qf4 38. f7 Kc7 39. Bxa6 Qc1+ 40. Bf1 Qf4 41. a6 e4 42. a7 e3 43. Qxe3 Qxe3 44. fxe3 Kb7 45. Bg2 Kxa7 46. Bxc6 Nf8 47. Kf2 Kb6 48. Bd5 Kc5 49. e4 Kd6 50. Ke3 Ke5 51. Kd3 Ng6 52. Kc4 Kd6 53. Kd4 Ke7 54. e5 Nf4 55. Ke4 Nxh3 56. Kf5 Nf4 57. Bf3 Ne6 58. Bd5 Nf4 59. Be4 Ne6 60. Bh1 h3 61. Kg6 h2 62. Be4 Nf8+ 63. Kg7 Ne6+ 64. Kg8 Nf8 65. Bd5 Nd7 66. Bg2 Nf8 67. Bc6 Ne6 68. Bd5 Nf8 69. e6 Ng6 70. Kg7 Nf8 71. Kh6 Nxe6 72. Kg6 Nf8+ 73. Kxg5 h1=Q 74. Bxh1 Kxf7 75. Kh6 Kg8 76. Bd5+ Kh8 77. g5 Ng6 78. Bf7 Nf8 79. Be8 Ne6 80. g6 Ng7 81. Bd7 Kg8 82. Kg5 Kf8 83. Bg4 Kg8 84. Kf6 Kf8 85. Bd7 Kg8 86. Ke7 Nh5 87. Bg4 Nf4 88. Kf6 Nxg6 1/2-1/2


[Site "https://www.chess.com"]

[Event "Titled Tuesday Blitz February 07 Early 2023"]
[White "Adla, Diego"]
[Black "Bok, Benjamin"]
[WhiteFideId "100072"]
[BlackFideId "1017063"]
[WhiteElo "2383"]
[BlackElo "2607"]
[Result "1/2-1/2"]
[Round "04"]
[TimeControl "180+2"]
[Date "2023.02.07"]
[WhiteClock "0:00:04"]
[BlackClock "0:00:08"]

1. Nf3 d5 2. c4 e6 3. g3 Nf6 4. Bg2 Be7 5. O-O O-O 6. d4 c6 7. Nc3 Nbd7 8. Qd3 b6 9. e4 Ba6 10. b3 Rc8 11. Rd1 c5 12. exd5 exd5 13. Bb2 dxc4 14. bxc4 cxd4 15. Nb5 Nc5 16. Qxd4 Qxd4 17. Nfxd4 Na4 18. Nf5 Bc5 19. Bxf6 gxf6 20. Rd7 Bxb5 21. cxb5 Nc3 22. a4 Rcd8 23. Nh6+ Kg7 24. Nf5+ Kg8 25. Nh6+ Kg7 26. Nf5+ Kg6 27. Nh4+ Kh6 28. Rxa7 Rd2 29. Rf1 Nd1 30. Nf3 Rxf2 31. Rxf2 Nxf2 32. Kf1 Ng4 33. Bh3 Ne3+ 34. Ke2 Nd5 35. Kd3 Re8 36. Bg4 Rd8 37. Kc2 Ne3+ 38. Kb3 Rd3+ 39. Ka2 Nxg4 40. Nh4 Ne3 41. Rxf7 Rd2+ 42. Kb3 Rd3+ 43. Ka2 Ra3+ 44. Kb2 Rxa4 45. Rxf6+ Kg5 46. Rc6 Kg4 47. Rc7 Rb4+ 48. Kc1 Nd5 49. Rxh7 Nc3 50. Kc2 Nxb5 51. Ng6 Kf3 52. Rh4 Rxh4 53. Nxh4+ Kg4 54. Ng6 Nd6 55. Ne5+ Kh3 56. g4 Kh4 57. h3 Kg5 58. Kd3 Kf4 59. Ng6+ Kg5 60. Ne5 Kh4 61. Nf3+ Kxh3 62. g5 Kg4 63. g6 Nf5 64. Ne5+ Kg5 65. Nd7 Kxg6 66. Nxc5 bxc5 67. Kc4 Ne3+ 68. Kxc5 1/2-1/2


[Site "https://www.chess.com"]

[Event "Titled Tuesday Blitz February 07 Early 2023"]
[White "Korobov, Anton"]
[Black "Djokovic, Nebojsa"]
[WhiteFideId "14105730"]
[BlackFideId "938300"]
[WhiteElo "2664"]
[BlackElo "2119"]
[Result "1-0"]
[Round "04"]
[TimeControl "180+2"]
[Date "2023.02.07"]
[WhiteClock "0:00:14"]
[BlackClock "0:00:03"]

1. d4 e6 2. c4 Nf6 3. Nf3 Bb4+ 4. Nbd2 O-O 5. a3 Be7 6. b4 a5 7. b5 d5 8. Bb2 a4 9. e3 Bd7 10. Rc1 dxc4 11. Bxc4 Ra5 12. Ne5 Qe8 13. Nxd7 Nbxd7 14. O-O Bd6 15. Bd3 Nb6 16. e4 e5 17. Nf3 exd4 18. e5 Bxe5 19. Re1 Nfd7 20. Bxd4 f6 21. Rxc7 Bxc7 22. Rxe8 Rxe8 23. Qc2 Bd6 24. Bxh7+ Kf8 25. h4 Rxb5 26. Bg6 Rc8 27. Qd2 Rd5 28. g3 Bc5 29. Qe2 Rd6 30. Bb2 Nc4 31. Kg2 Nxb2 32. Qxb2 Nb6 33. h5 Rd7 34. Bf5 Rcd8 35. Bxd7 Rxd7 36. Qb5 Rc7 37. Nh4 Kf7 38. Ng6 Ke6 39. Qe2+ Kd5 40. Nf4+ Kc6 41. Ne6 Re7 42. Qf3+ Kd6 43. Nxc5 Kxc5 44. Qc3+ Kd5 45. Qb4 Re6 46. Qb5+ Kd4 47. g4 Rc6 48. Kg3 Rc3+ 49. f3 Rc6 50. Kh4 Ke3 51. Kg3 Kd4 52. f4 Rc3+ 53. Kh4 Rc6 54. g5 fxg5+ 55. fxg5 Nd5 56. Qxb7 Rc4 57. Qxg7+ Ke3+ 58. Kg3 Nf4 59. Qe5+ Re4 60. Qc5+ Ke2 61. g6 Nd3 62. Qf5 Re3+ 63. Kg4 Ne5+ 64. Kg5 Rg3+ 65. Kh6 Ng4+ 66. Kh7 Ne3 67. Qe4 Rg4 68. Qe6 Rc4 69. g7 Rc7 70. Kh8 Kd3 71. g8=Q Rc4 72. h6 Rd4 73. h7 Rh4 74. Qgg6+ Ke2 75. Kg8 Rd4 76. h8=Q Rd8+ 77. Kh7 Rd2 78. Qg2+ Kd1 79. Qa1+ Kc2 80. Qea2+ Kd3 81. Qg6+ Ke2 82. Qa6+ Kf3 83. Qxd2 Nf5 84. Q1f1+ Kg4 85. Qdg2+ Kh5 86. Qfh1+ Nh4 87. Qa5# 1-0


[Site "https://www.chess.com"]

[Event "Titled Tuesday Blitz February 07 Early 2023"]
[White "Karas, Marek"]
[Black "Nguyen, Ngoc Truong Son"]
[WhiteFideId "14928558"]
[BlackFideId "12401110"]
[WhiteElo "2227"]
[BlackElo "2645"]
[Result "0-1"]
[Round "04"]
[TimeControl "180+2"]
[Date "2023.02.07"]
[WhiteClock "0:00:27"]
[BlackClock "0:01:51"]

1. d4 Nf6 2. Nf3 e6 3. c4 d5 4. Nc3 c6 5. cxd5 exd5 6. Bg5 h6 7. Bh4 Be6 8. e3 Nbd7 9. Bd3 Bd6 10. Bg3 Bxg3 11. hxg3 O-O 12. Qc2 Rc8 13. b4 a5 14. a3 axb4 15. axb4 Qe7 16. Qb3 Ne4 17. O-O Ra8 18. Qb2 Bf5 19. Bxe4 Bxe4 20. Nxe4 Qxe4 21. b5 c5 22. dxc5 Nxc5 23. Rxa8 Rxa8 24. Ra1 Rc8 25. Qe5 Nd3 26. Qxe4 dxe4 27. Nd4 g6 28. g4 Ne5 29. f3 Rc3 30. Kf2 Nc4 31. Ra8+ Kg7 32. Rc8 Nxe3 33. Rxc3 Nd1+ 34. Ke1 Nxc3 35. Kd2 exf3 36. gxf3 Nd5 37. Kd3 Kf6 38. Ke4 Nc7 39. Kf4 b6 40. Ke4 h5 41. gxh5 gxh5 42. Kf4 Ne6+ 43. Nxe6 fxe6 44. Kg3 e5 0-1


[Site "https://www.chess.com"]

[Event "Titled Tuesday Blitz February 07 Early 2023"]
[White "Tsydypov, Zhamsaran"]
[Black "Chor, Kevin"]
[WhiteFideId "4108566"]
[BlackFideId "2090740"]
[WhiteElo "2518"]
[BlackElo "1944"]
[Result "1-0"]
[Round "04"]
[TimeControl "180+2"]
[Date "2023.02.07"]
[WhiteClock "0:01:52"]
[BlackClock "0:00:02"]

1. Nf3 c5 2. c4 g6 3. g3 Bg7 4. Bg2 Nc6 5. O-O Nf6 6. Nc3 O-O 7. d4 d6 8. dxc5 dxc5 9. Be3 Be6 10. Qa4 Qa5 11. Qb5 Nd7 12. Qxb7 Rfc8 13. Qb5 Rab8 14. Qxa5 Nxa5 15. Nd5 Bxd5 16. cxd5 Nc4 17. Bf4 Rxb2 18. Bh3 Ncb6 19. e4 c4 20. a4 Re2 21. Rae1 Rxe1 22. Rxe1 Rc5 23. Be3 Ra5 24. Rb1 h5 25. Bxd7 Nxd7 26. Rb7 Nf6 27. Rxe7 Rxa4 28. d6 Bf8 29. Rb7 Bxd6 30. e5 Bxe5 31. Nxe5 c3 32. Nxf7 c2 33. Nh6+ Kh8 34. Rc7 Nd5 35. Rc8+ Kh7 36. Bg5 Ra1+ 37. Kg2 Nb4 38. Bf6 c1=Q 39. Rh8# 1-0


[Site "https://www.chess.com"]

[Event "Titled Tuesday Blitz February 07 Early 2023"]
[White "Madaminov, Mukhiddin"]
[Black "Mohamed Anees M"]
[WhiteFideId "14210703"]
[BlackFideId "35065815"]
[WhiteElo "2422"]
[BlackElo "2315"]
[Result "1-0"]
[Round "04"]
[TimeControl "180+2"]
[Date "2023.02.07"]
[WhiteClock "0:00:03"]
[BlackClock "0:00:03"]

1. d4 Nf6 2. Nc3 d5 3. Bf4 e6 4. Nb5 Na6 5. e3 Be7 6. Nf3 O-O 7. Be2 c6 8. Nc3 c5 9. Nb5 Bd7 10. a4 Ne4 11. c3 c4 12. Nd2 Nxd2 13. Qxd2 Bxb5 14. axb5 Nc7 15. b3 Nxb5 16. bxc4 dxc4 17. Bxc4 Nd6 18. Bd3 a6 19. c4 Rc8 20. c5 Nf5 21. O-O Qd7 22. Rfb1 Rfd8 23. Qe2 Nxd4 24. exd4 Qxd4 25. Be4 Bxc5 26. Be5 Qd7 27. Rxb7 Qd2 28. Bxh7+ Kf8 29. Qf3 Bxf2+ 30. Qxf2 Rc1+ 31. Rxc1 Qxc1+ 32. Qf1 Rd1 33. Rxf7+ Ke8 34. Bg6 Kd8 35. Rf8+ Kd7 36. Rf7+ Kd8 37. Bxg7 Qc5+ 38. Kh1 Rxf1+ 39. Rxf1 a5 40. h4 Qc4 41. Bf6+ Kd7 42. Rd1+ Kc7 43. h5 Qe2 44. Rc1+ Kd6 45. Bh4 Qd2 46. Bg3+ Kd7 47. Ra1 a4 48. Kh2 Qd4 49. Ra2 Qc4 50. Rd2+ Ke7 51. Rc2 Qd4 52. Rc7+ Kf6 53. Rf7+ Kg5 54. Bf4+ Kg4 55. Bg3 Kg5 56. Rf4 Qd5 57. Rxa4 Kh6 58. Re4 1-0


[Site "https://www.chess.com"]

[Event "Titled Tuesday Blitz February 07 Early 2023"]
[White "Jones, Gawain C B"]
[Black "Janaszak, Dawid"]
[WhiteFideId "409561"]
[BlackFideId "1119206"]
[WhiteElo "2618"]
[BlackElo "2316"]
[Result "1-0"]
[Round "04"]
[TimeControl "180+2"]
[Date "2023.02.07"]
[WhiteClock "0:00:48"]
[BlackClock "0:00:02"]

1. c4 e6 2. b3 d5 3. Bb2 Nf6 4. Nf3 c5 5. e3 Nc6 6. g3 Be7 7. Bg2 O-O 8. O-O b6 9. cxd5 Nxd5 10. Nc3 Bb7 11. Nxd5 Qxd5 12. Ne5 Qxg2+ 13. Kxg2 Nxe5+ 14. f3 Nd3 15. Bc3 Rad8 16. Qc2 e5 17. e4 Ba6 18. a3 Rd6 19. b4 Rfd8 20. Qa4 b5 21. Qd1 Rg6 22. Kh1 h5 23. Qb1 h4 24. bxc5 hxg3 25. hxg3 Rxg3 26. a4 Bxc5 27. Kh2 Rg5 28. f4 exf4 29. axb5 f3 30. Rxa6 Rg2+ 31. Kh1 Bb6 32. Rxb6 axb6 33. Rxf3 Rg5 34. Rxd3 1-0


[Site "https://www.chess.com"]